 Dungeon Crawl Stone Soup version 0.31-a0-195-g7586a6f1e9 (webtiles) character file.

Game seed: 12323808533723399559

300 qw the Skirmisher (level 6, -3/38 HPs)
             Began as a Deep Elf Hunter on June 24, 2023.
             Slain by a lemure (6 damage)
             ... led by Pikel
             ... on level 4 of the Dungeon.
             The game lasted 00:01:05 (2535 turns).

qw the Skirmisher (Deep Elf Hunter)                 Turns: 2535, Time: 00:01:06

Health: -3/38      AC:  6    Str: 10    XL:     6   Next: 13%
Magic:  8/8        EV: 11    Int: 14    God:
Gold:   269        SH:  5    Dex: 18    Spells: 5/5 levels left

rFire   . . .        Y - +2 shortbow
rCold   . . .        (shield currently unavailable)
rNeg    . . .        e - +0 ring mail
rPois   +            (no helmet)
rElec   .            (no cloak)
rCorr   .            (no gloves)
SInv    .            l - +0 pair of boots
Will    +....        i - amulet of reflection
Stlth   +            c - ring of willpower
HPRegen 1.06/turn    g - ring of poison resistance
MPRegen 0.11/turn

%: reflection
@: no status effects
A: regeneration 1, robust 1
a: no special abilities


You were on level 4 of the Dungeon.
You visited 1 branch of the dungeon, and saw 4 of its levels.

You collected 269 gold pieces.


Innate Abilities, Weirdness & Mutations

Your natural rate of healing is unusually fast.
You are robust. (+10% HP)


   Skills:
 - Level 2.1 Fighting
 + Level 9.5 Ranged Weapons
 - Level 2.4 Dodging
 - Level 1.2 Stealth


You had 5 spell levels left.
You didn't know any spells.
Your spell library was empty.

Inventory:

Hand Weapons
 Y - a +2 shortbow (weapon)
Armour
 e - a +0 ring mail (worn)
 l - a +0 pair of boots (worn)
Jewellery
 c - a ring of willpower (left hand)
 d - a ring of fire
 g - a ring of poison resistance (right hand)
 i - an amulet of reflection (around neck)
 k - a ring of fire
Potions
 a - a potion of heal wounds {unknown}
 b - a potion of might {unknown}
 f - a potion of berserk rage {unknown}
 h - a potion of attraction {unknown}
 j - a potion of mutation

Dungeon Overview and Level Annotations

Branches:
Dungeon (4/15)
 Temple: D:4-7

Altars:

Annotations:
D:4 Pikel


Message History

You shoot an arrow. The arrow barely misses Pikel.
The arrow hits the lemure.
The lemure is moderately wounded.
A lemure comes into view.
You shoot an arrow. The lemure shouts!
The arrow hits Pikel but does no damage.
You hear a shout!
A ball python comes into view.
You shoot an arrow. The ball python hisses angrily.
The arrow hits Pikel but does no damage.
Pikel says, "Don't tell anyone, but I think Ereshkigal likes me."
Pikel completely misses you.
You shoot an arrow.
The arrow hits Pikel but does no damage.
Pikel hits you with a +1 whip of freezing.
Pikel freezes you. You block the lemure's attack.
Pikel hits you with a +1 whip of freezing.
Pikel freezes you.
You shoot an arrow. The arrow closely misses the lemure.
Pikel completely misses you. The lemure hits you.
You shoot an arrow. The arrow hits the lemure.
The lemure is heavily wounded.
Pikel says, "Hell isn't that bad."
Pikel hits you with a +1 whip of freezing.
Pikel freezes you. The lemure hits you but does no damage.
You shoot an arrow. The arrow hits the lemure!
The lemure is severely wounded.
Pikel hits you with a +1 whip of freezing.
Pikel freezes you. The lemure hits you. x2
You shoot an arrow. The arrow hits the lemure.
The lemure is severely wounded.
The lemure hits you!
Pikel hits you with a +1 whip of freezing.
Pikel freezes you. You block the lemure's attack.
You shoot an arrow.
The arrow hits the lemure but does no damage.
The lemure is severely wounded.
You block Pikel's attack. The lemure hits you.
You die...

#.........
###.........
#...........
...........
........
#.5S..##..#
#55K5.##..#
#@#..##..# #..
#.#..##..#####.#..
#....##..##... ...
#.#.)##..##.##.#..
#.#............#..
#.#.>.......# #..
#.##.##.#)).####..
#<##.##.....%.....
#.##.####...#####.


You could see Pikel, 4 lemures and a ball python.

Vanquished Creatures
  A scorpion (D:4)
  An orc priest (D:4)
  An iguana (D:4)
  An orc wizard (D:4)
  4 gnolls (D:3)
  4 adders
  2 worms
  A dart slug (D:2)
  2 orcs
  4 bats
  5 endoplasms
  4 giant cockroaches
  9 hobgoblins
  2 jackals (D:1)
  4 quokkas
  5 ball pythons
  2 frilled lizards (D:2)
  8 goblins
  10 kobolds
  7 rats
77 creatures vanquished.

Notes
Turn   | Place    | Note
-------+----------+-------------------------------------------
     0 | D:1      | qw the Deep Elf Hunter began the quest for the Orb.
     0 | D:1      | Reached XP level 1. HP: 12/12 MP: 3/3
     0 | D:1      | 0 ||| qw: Version: 0.3-a-9-g12657ce
     0 | D:1      | 0 ||| qw: Game counter: 4748
     0 | D:1      | 0 ||| qw: Always use a shield: true
     0 | D:1      | 0 ||| qw: God list: Okawaru
     0 | D:1      | 0 ||| qw: Allow faded altars: false
     0 | D:1      | 0 ||| qw: Do Orc after D:15 true
     0 | D:1      | 0 ||| qw: Do second Lair branch before Depths: true
     0 | D:1      | 0 ||| qw: Lair rune preference: random
     0 | D:1      | 0 ||| qw: Plans: Normal
     0 | D:1      | 0 ||| PLANNING D:1-11
   137 | D:1      | Reached skill level 6 in Ranged Weapons
   137 | D:1      | Reached XP level 2. HP: 16/16 MP: 4/4
   793 | D:1      | 793 ||| UPGRADING to +0 ring mail.
   803 | D:1      | 803 ||| DROPPING +0 leather armour.
   804 | D:1      | 804 ||| UPGRADING to +0 pair of boots.
   809 | D:1      | 809 ||| UPGRADING to amulet of reflection.
   814 | D:1      | 814 ||| READING scroll labelled IJUGGOIROAJ.
   817 | D:1      | 817 ||| DRINKING 2 smoky grey potions.
   856 | D:1      | 856 ||| DROPPING scroll of butterflies.
   857 | D:1      | 857 ||| DROPPING potion of lignification.
   928 | D:2      | Reached XP level 3. HP: 20/20 MP: 5/5
  1014 | D:2      | Found a faded altar of an unknown god.
  1095 | D:2      | Reached skill level 7 in Ranged Weapons
  1446 | D:2      | 1446 ||| DROPPING ring of wizardry.
  1447 | D:2      | 1447 ||| READING scroll labelled AGAENLYLAOC.
  1448 | D:2      | 1448 ||| READING scroll labelled TYRONN NIXEIPT.
  1449 | D:2      | 1449 ||| READING scroll labelled ZIMUUFU UNEUGOUROX.
  1638 | D:3      | Reached XP level 4. HP: 16/25 MP: 6/6
  1656 | D:3      | 1656 ||| FLEEEEING.
  1657 | D:3      | 1657 ||| FLEEEEING.
  1658 | D:3      | 1658 ||| FLEEEEING.
  1659 | D:3      | 1659 ||| FLEEEEING.
  1699 | D:3      | Reached skill level 8 in Ranged Weapons
  2062 | D:3      | Reached XP level 5. HP: 29/29 MP: 7/7
  2369 | D:3      | 2369 ||| UPGRADING to ring of willpower.
  2370 | D:3      | 2370 ||| UPGRADING to ring of poison resistance.
  2371 | D:3      | 2371 ||| READING scroll labelled JEMAL LIEH XIU.
  2372 | D:3      | 2372 ||| READING scroll labelled JOALA SICOXAFF.
  2373 | D:3      | 2373 ||| DRINKING 2 metallic clear potions.
  2373 | D:3      | Gained mutation: You are robust. (+10% HP) [potion of
                  | mutation]
  2373 | D:3      | Gained mutation: Your natural rate of healing is unusually
                  | fast. [potion of mutation]
  2432 | D:4      | 2432 ||| READING scroll of enchant weapon.
  2432 | D:4      | 2432 ||| ENCHANTING +1 shortbow.
  2472 | D:4      | Reached skill level 9 in Ranged Weapons
  2491 | D:4      | Reached XP level 6. HP: 38/38 MP: 8/8
  2521 | D:4      | Noticed Pikel
  2534 | D:4      | HP: 9/38 [lemure[Pikel] (7)]
  2534 | D:4      | HP: 3/38 [Pikel/+1 whip of freezing (6)]
  2535 | D:4      | Slain by a lemure

Levels and vault maps discovered:
D:1:      ncdulo_halloftheorcs, layout_basic, chequers_serial_rivers_micro_c,
          minmay_misc_feat_four_crosses, minmay_nonomino_d4
D:2:      layout_basic, hellmonk_ecumenical_altar_inner_sanctum
D:3:      kb_forest_paths, layout_basic
D:4:      layout_loops_ring, lemuel_doored_altar, uniq_pikel

Skill      XL: |  1  2  3  4  5 |
---------------+----------------+-----
Ranged Weapons | 6 7 8 9 |  9.5
Fighting       | 2 |  2.1
Dodging        | |  2.4
Stealth        | |  1.2

Action                     |  1- 3 |  4- 6 || total
---------------------------+-------+-------++-------
   Fire: Shortbow          |   128 |   119 ||   247
    Use: Scroll            |     4 |     3 ||     7
         Potion            |     1 |     1 ||     2
 Armour: Leather armour    |    10 |       ||    10
         Ring mail         |    11 |    13 ||    24
  Dodge: Dodged            |    23 |    17 ||    40
  Block: Other             |     2 |     9 ||    11

Table legend:
 A = Non-vault XP
 B = Vault XP
 C = Vault XP percentage of total XP
 D = Non-vault monster count
 E = Vault monster count
 F = Vault count percentage of total count
                 A         B        C        D         E       F
            +---------+---------+-------+---------+---------+-------
      Total |     409 |      20 |   4.7 |      66 |      11 |  14.3
            +---------+---------+-------+---------+---------+-------
        D:1 |      29 |       8 |  21.6 |      19 |       5 |  20.8
        D:2 |      41 |       0 |   0.0 |      16 |       0 |   0.0
        D:3 |     116 |      12 |   9.4 |      22 |       6 |  21.4
        D:4 |     223 |       0 |   0.0 |       9 |       0 |   0.0
            +---------+---------+-------+---------+---------+-------
